 Dungeon Crawl Stone Soup version 0.31-a0-1540-g5a0b83f448 (webtiles) character file.

Game seed: 10754768941141259842

4 MisterAzrael the Ruffian (level 1, 13/13 HPs)
             Began as an Octopode Shapeshifter on Jan 2, 2024.
             Was a Follower of Ru.
             Quit the game on level 1 of the Dungeon.
             The game lasted 00:00:32 (114 turns).

MisterAzrael the Ruffian (Octopode Shapeshifter)     Turns: 114, Time: 00:00:33

Health: 13/13      AC:  1    Str: 13    XL:     1   Next: 70%
Magic:  1/1        EV: 13    Int: 12    God:    Ru [*.....]
Gold:   6          SH:  0    Dex: 11    Spells: 0/0 levels left

rFire   . .          .
                       - Unarmed
rCold   . . .        (no shield)
rNeg    . . .        (helmet currently unavailable)
rPois   .            (no amulet)
rElec   .            (no ring)
rCorr   .            (no ring)
SInv    .            (no ring)
Will    .....        (no ring)
Stlth   ++           (no ring)
HPRegen 0.22/turn    (no ring)
MPRegen 0.07/turn    (no ring)
                     (no ring)

%: no passive effects
@: beast-form
A: beast (slay +1), almost no armour, amphibious, 8 rings, camouflage 1,
gelatinous body 1, no fire magic, no necromancy magic, no alchemy magic, (nimble
swimmer 1), tentacles
a: Begin Untransformation, Renounce Religion


You were on level 1 of the Dungeon.
You worshipped Ru.
Ru was aware of your devotion.
You were a hulking beast.
You visited 1 branch of the dungeon, and saw 1 of its levels.

You collected 6 gold pieces.

Inventory:

Jewellery
 f - a +6 ring of dexterity
Talismans
 b - a beast talisman
 c - a flux talisman
Scrolls
 d - a scroll of fog {unknown}
Potions
 a - a potion of lignification
 e - a potion of enlightenment {unknown}


   Skills:
 + Level 1.1 Fighting
 + Level 2.1 Dodging
 + Level 3.0 Unarmed Combat
 + Level 3.0 Shapeshifting


You couldn't memorise any spells.
You didn't know any spells.
Your spell library was empty.

Dungeon Overview and Level Annotations

Branches:
Dungeon (1/15)

Altars:
Ru


Innate Abilities, Weirdness & Mutations

You are a hulking beast.
Your limbs bulge with bestial killing power. (Slay +1)
You cannot wear most types of armour.
You are amphibious.
You can wear up to eight rings at the same time.
Your skin changes colour to match your surroundings (Stealth+).
Your rubbery body absorbs attacks. (AC +1, EV +1)
You cannot study or cast Fire magic.
You cannot study or cast Necromancy magic.
You cannot study or cast Alchemy magic.
((You are camouflaged when in or above water. (Stealth+)))
You have tentacles for arms and can constrict up to eight enemies at once.


Message History

You tentacle-slap the giant cockroach.
Your squeeze misses the giant cockroach.
The giant cockroach is almost dead.
You constrict the giant cockroach.
You kill the giant cockroach!
No target in view!
No target in view!
HP restored.
Things that are here:
a +0 short sword; 4 stones You now have 6 gold pieces.
You open the door.
A kobold comes into view. It is wielding a +0 dagger.
A kobold is nearby!
A kobold is nearby!
There is an open door here.
Found a stone staircase leading down.
A rat comes into view.
Found a murky puce potion.
Found a twisted peridot ring.
Are you sure you want to abandon this character and quit the game? (Confirm with "yes".)
Okay, then.
The helpless kobold fails to defend itself.
You tentacle-slap the kobold.
You kill the kobold!
The rat squeaks loudly.
The rat misses you.
You tentacle-slap the rat. Your grab misses the rat.
The rat is heavily wounded.
The rat bites you but does no damage.
You tentacle-slap the rat.
You kill the rat!
There is a stone staircase leading down here.
You see here a rat corpse.
Things that are here:
a +0 dagger; 4 stones; a kobold corpse
e - a murky puce potion
Found a scroll labelled DIABUNOBEU.
f - a +6 ring of dexterity Are you sure you want to abandon this character and quit the game? (Confirm with "yes".)

######### #h.......
#.#.?.... #.#
############## ###.#
≈≈§§§§§≈≈≈ ###.#.#
§§§≈§§.... ...#)#
§§§.§§§~~§
#######.#.######≈§..~~~.~§
............>......~~~.<..
..........##..##≈...~~~.~~


There were no monsters in sight!

Vanquished Creatures
  A giant cockroach (D:1)
  A frilled lizard (D:1)
  2 kobolds (D:1)
  A rat (D:1)
5 creatures vanquished.

Notes
Turn   | Place    | Note
-------+----------+-------------------------------------------
     0 | D:1      | MisterAzrael the Octopode Shapeshifter began the quest for
                  | the Orb.
     0 | D:1      | Reached XP level 1. HP: 13/13 MP: 1/1
    32 | D:1      | Found a faded altar of an unknown god.
    64 | D:1      | Prayed at the altar of an unknown god.
    64 | D:1      | Became a worshipper of Ru the Awakened
    70 | D:1      | Gained mutation: You cannot study or cast Fire magic. [Ru
                  | sacrifice]
    70 | D:1      | Gained mutation: You cannot study or cast Alchemy magic.
                  | [Ru sacrifice]
    70 | D:1      | Gained mutation: You cannot study or cast Necromancy magic.
                  | [Ru sacrifice]
    70 | D:1      | Reached * piety under Ru
   114 | D:1      | Quit the game

Illustrated notes

Levels and vault maps discovered:
D:1:      dpeg_arrival_shrine, layout_basic, nicolae_ecumenical_lake_church,
          chequers_serial_rivers_small_a, hangedman_decor_push

Action                     || total
---------------------------++-------
  Melee: Unarmed           ||     9
         Constrict         ||     3
 Invoke: Sacrifice Arcana  ||     1
   Stab: Sleeping          ||     1
 Armour: Skin              ||     3
  Dodge: Dodged            ||     4

Table legend: (Time is in decaauts)
 A = Elapsed time spent in this place.
 B = Non-inter-level travel time spent in this place.
 C = Inter-level travel time spent in this place.
 D = Time resting spent in this place.
 E = Time spent auto-exploring this place.
 F = Levels seen in this place.
 G = Mean time per level.
                   A        B        C        D        E       F      G
               +--------+--------+--------+--------+--------+-----+--------+
         Total |    113 |    113 |      0 |      0 |     47 |   1 |  113.0 |
       Dungeon |    113 |    113 |      0 |      0 |     47 |   1 |  113.0 |
               +--------+--------+--------+--------+--------+-----+--------+

Top non-repeatable levels by time:
     D:1: 113 daAuts
